 Dungeon Crawl Stone Soup version 0.24.0-1-gfbc8707 (webtiles) character file.

Game seed: 2034273206280623665, levelgen mode: deterministic

30618 Faca the Protected (level 13, -2/101 HPs)
             Began as a Gnoll Wanderer on Oct 30, 2019.
             Slain by a death yak (20 damage)
             ... on level 5 of the Lair of Beasts.
             The game lasted 01:07:56 (27336 turns).

Faca the Protected (Gnoll Wanderer)                Turns: 27336, Time: 01:07:57

Health: -2/101     AC: 23    Str: 15    XL:     13   Next: 52%
Magic:  25/25      EV: 15    Int: 23    God:
Gold:   902        SH: 11    Dex: 17    Spells: 26/29 levels left

rFire    . . .     SeeInvis .   O - +3 war axe (freeze)
rCold    . . .     Gourm    .   y - +0 shield
rNeg     . . .     Faith    .   m - +4 ring mail of the Hanged Man {Dex+3}
rPois    +         Spirit   .   G - +0 helmet
rElec    .         Reflect  .   k - +0 cloak of Qogirau {rPois Str-2 Stlth+}
rCorr    +         Harm     +   h - +0 pair of gloves
MR       .....                  u - +1 pair of boots {run}
Stlth    ++++......             L - amulet of Yfaan {Harm *Drain rPois Int+5}
HPRegen  0.26/turn              a - +5 ring of protection
MPRegen  0.19/turn              U - ring of resist corrosion

@: quick
A: distributed training, fangs 1, strong nose
a: no special abilities


You were on level 5 of the Lair of Beasts.
You were not hungry.

You visited 3 branches of the dungeon, and saw 17 of its levels.

You collected 902 gold pieces.

Inventory:

Hand Weapons
 l - a +0 dagger of venom
 H - a +3 spear of flaming
 N - a +2 short sword of speed
 O - a +3 war axe of freezing (weapon)
 S - a +0 falchion of electrocution
Missiles
 s - 43 poisoned darts
 B - 4 throwing nets
 E - 3 boomerangs (quivered)
 R - 6 curare-tipped darts
Armour
 h - a +0 pair of gloves (worn)
 k - the +0 cloak of Qogirau (worn) {rPois Str-2 Stlth+}
   (You found it on level 4 of the Dungeon)

   It affects your strength (-2).
   It protects you from poison.
   It makes you more stealthy.
 m - the +4 ring mail of the Hanged Man (worn) {Dex+3}
   (You found it on level 2 of the Lair of Beasts)

   It affects your dexterity (+3).
 u - a +1 pair of boots of running (worn)
 y - a +0 shield (worn)
 G - a +0 helmet (worn)
 W - a +0 large shield
Jewellery
 a - a +5 ring of protection (left hand)
 e - an uncursed ring of positive energy
 n - an uncursed amulet of the gourmand
 q - an uncursed ring of fire
 L - the amulet of Yfaan (around neck) {Harm *Drain rPois Int+5}
   (You acquired it on level 4 of the Lair of Beasts)

   [amulet of harm]

   It increases damage dealt and taken.
   It affects your intelligence (+5).
   It protects you from poison.
   It causes draining when unequipped.
 U - a ring of resist corrosion (right hand)
Wands
 d - a wand of flame (3)
 p - a wand of random effects (9)
 A - a wand of polymorph (17)
 C - a wand of iceblast (2)
 K - a wand of enslavement (10)
 M - a wand of acid (10)
 Q - a wand of disintegration (14)
 X - a wand of paralysis (12)
Scrolls
 b - 4 scrolls of teleportation
 i - 8 scrolls of remove curse
 o - 5 scrolls of enchant weapon
 r - 3 scrolls of amnesia
 w - a scroll of immolation {unknown}
 I - 2 scrolls of enchant armour
 J - 3 scrolls of fear
 P - a scroll of blinking
 T - a scroll of fog {unknown}
 V - a scroll of magic mapping
Potions
 c - 4 potions of might
 g - a potion of cancellation
 j - a potion of brilliance
 t - 2 potions of flight
 v - a potion of invisibility
 x - 2 potions of mutation
 z - a potion of lignification
 D - a potion of ambrosia
 F - 2 potions of agility
Comestibles
 f - 31 rations


   Skills:
 + Level 9.4 Fighting
 + Level 8.2 Short Blades
 + Level 8.2 Long Blades
 + Level 8.2 Axes
 + Level 8.2 Maces & Flails
 + Level 8.2 Polearms
 + Level 8.2 Staves
 + Level 8.2 Slings
 + Level 8.2 Bows
 + Level 8.2 Crossbows
 + Level 8.2 Throwing
 + Level 10.4 Armour
 + Level 8.2 Dodging
 + Level 8.6 Stealth
 + Level 8.7 Shields
 + Level 8.2 Unarmed Combat
 + Level 8.7 Spellcasting
 + Level 7.9 Conjurations
 + Level 6.8 Hexes
 + Level 6.8 Charms
 + Level 6.8 Summonings
 + Level 6.8 Necromancy
 + Level 6.8 Translocations
 + Level 6.8 Transmutations
 + Level 6.8 Fire Magic
 + Level 6.8 Ice Magic
 + Level 6.8 Air Magic
 + Level 6.8 Earth Magic
 + Level 6.8 Poison Magic
 + Level 9.0 Invocations
 + Level 8.2 Evocations


You had 26 spell levels left.
You knew the following spells:

 Your Spells              Type           Power        Failure   Level  Hunger
a - Summon Butterflies    Summ           #####...     1%          1    None
b - Throw Flame           Conj/Fire      #####.       1%          2    None

Your spell library contained the following spells:

 Spells                   Type           Power        Failure   Level  Hunger
 Flame Tongue             Conj/Fire      #####        1%          1    None
 Blink                    Tloc           N/A          2%          2    None
 Corpse Rot               Necr           N/A          2%          2    None
 Shroud of Golubria       Chrm/Tloc      #####.       2%          2    None
 Sublimation of Blood     Necr           #####.....   2%          2    None
 Conjure Flame            Conj/Fire      #####...     3%          3    None
 Gell's Gravitas          Tloc           #####.....   4%          3    None
 Inner Flame              Hex/Fire       #####...     4%          3    None
 Lesser Beckoning         Tloc           #####.....   4%          3    None
 Recall                   Summ/Tloc      N/A          4%          3    None
 Teleport Other           Tloc           #####...     4%          3    None
 Sticky Flame             Conj/Fire      #####...     12%         4    ##.....
 Cause Fear               Hex            #####.....   14%         4    ##.....
 Passage of Golubria      Tloc           N/A          14%         4    ##.....
 Bolt of Draining         Conj/Necr      #####.....   32%         5    ####...
 Fireball                 Conj/Fire      #####.....   32%         5    ####...
 Agony                    Necr           #####...     38%         5    ####...
 Dispel Undead            Necr           #####...     38%         5    ####...
 Excruciating Wounds      Chrm/Necr      #####.....   38%         5    ####...
 Silence                  Hex/Air        #####.....   38%         5    ####...
 Yara's Violent Unravell  Hex/Tmut       #####.....   38%         5    ####...
 Deflect Missiles         Chrm/Air       #####.....   92%         6    ######.
 Discord                  Hex            #####.....   100%        8    #######


Dungeon Overview and Level Annotations

Branches:
Dungeon (10/15)            Temple (1/1) D:7            Lair (6/6) D:8
  Snake (0/4) Lair:4        Slime (0/5) Lair:5          Orc (0/2) D:10
  Swamp: Lair:2-4    Shoals: Lair:2-4

Altars:
Ashenzari
Cheibriados
Dithmenos
Fedhas
Gozag
Hepliaklqana
Kikubaaqudgha
Makhleb
Nemelex Xobeh
Okawaru
Qazlal
Ru
Sif Muna
Trog
Vehumet
Wu Jian
Yredelemnul
Zin
The Shining One

Portals:
Trove: D:10 (give 9 potions of agility)

Annotations:
D:8 3 runed translucent doors, RighteousDevil's ghost, novice FoAK
D:9 3 runed translucent doors
Lair:3 1 runed translucent door, exclusion: oklob plant, DocEon's ghost, journeyman DrEE


Innate Abilities, Weirdness & Mutations

Your experience applies equally to all skills.
You have very sharp teeth.
Your uncanny sense of smell can sniff out nearby items.


Message History

* * * LOW HITPOINT WARNING * * *
You slash the death yak! You freeze the death yak.
The death yak is heavily wounded.
You block the death yak's attack.
You hit the death yak. You freeze the death yak.
The death yak is heavily wounded.
The death yak gores you.
* * * LOW HITPOINT WARNING * * *
You hit the death yak but do no damage.
The death yak is heavily wounded.
The death yak gores you.
* * * LOW HITPOINT WARNING * * *
The death yak barely misses you.
You slash the death yak! You freeze the death yak.
The death yak is heavily wounded.
You block the death yak's attack.
You slash the death yak! You freeze the death yak.
The death yak is severely wounded.
The death yak gores you!
You die...

###### ####P#.P####
#......†>..#
########........#####
#P..###....#.#...#.P#
####..@Y.†.....#.......
#.#..###.#####....#....
##..##########.....##..
#..####.....####...##..
#..###.......###..###..
##..##.P.......##...##..
###...##.PPPPP...#...###..
#P#...##...P<....##..##...
####......#...PP....##.......


You could see a death yak.

Vanquished Creatures
  Erolcha (D:10)
  2 hydras (Lair:5)
  2 two-headed ogres (D:9)
  2 death yaks (Lair:5)
  An unseen horror (D:10)
  A lindwurm (Lair:4)
  Pikel (D:6)
  6 black mambas
  5 spiny frogs
  4 rime drakes
  4 komodo dragons
  A troll (D:10)
  6 hippogriffs
  15 blink frogs
  3 wyverns
  19 yaks
  2 basilisks
  A steam dragon (Lair:2)
  2 hungry ghosts
  3 wargs
  2 soldier ants (D:8)
  Menkaure (D:6)
  5 nagas (Lair:4)
  A swamp worm (Lair:3)
  14 water moccasins
  7 porcupines
  6 orc warriors
  An ice beast (D:5)
  A slave (D:6)
  2 black bears
  2 sky beasts
  3 phantoms
  5 ogres
  2 necrophages
  4 wolves
  2 centaurs
  21 crocodiles
  5 big kobolds (D:10)
  18 bullfrogs
  A gnoll sergeant (D:10)
  3 scorpions
  6 killer bees (D:9)
  3 electric eels
  A lava snake (Lair:5)
  A bullfrog zombie (D:5)
  4 centaur zombies
  5 howler monkeys (D:8)
  3 crimson imps
  2 hounds
  2 jellies
  6 orc wizards
  A bullfrog skeleton (D:9)
  6 orc priests
  Jessica (D:2)
  13 iguanas
  8 worker ants
  2 hound skeletons
  A worker ant zombie (D:7)
  A howler monkey skeleton (D:4)
  2 gnolls (D:10)
  14 adders
  A shadow imp (D:6)
  2 adder skeletons (D:4)
  3 worms (D:2)
  A dart slug (D:2)
  12 leopard geckos
  38 orcs
  3 giant cockroaches
  5 goblins
  3 hobgoblins
  10 jackals
  9 kobolds
  A quokka (D:7)
  3 ball pythons
  7 bats (D:2)
  8 frilled lizards
  A jackal skeleton (D:6)
  A leopard gecko zombie (D:8)
  A quokka skeleton (D:6)
  A quokka zombie (D:6)
  8 rats
  A fungus (Lair:5)
388 creatures vanquished.

Vanquished Creatures (others)
  7 fungi
  5 plants
12 creatures vanquished.

Grand Total: 400 creatures vanquished

Notes
Turn   | Place    | Note
-------+----------+-------------------------------------------
     0 | D:1      | Faca the Gnoll Wanderer began the quest for the Orb.
     0 | D:1      | Faca set off with the following items: a +2 dagger, a
                  | scroll of blinking, a +0 spear, a +0 robe, a ration; and
                  | the following spell memorised: Summon Butterflies; and the
                  | following spells available to memorise: Recall
     0 | D:1      | Reached XP level 1. HP: 20/20 MP: 4/4
   307 | D:1      | Reached XP level 2. HP: 26/26 MP: 5/5
  1065 | D:2      | Found a shadowy altar of Dithmenos.
  1073 | D:2      | Noticed Jessica
  1086 | D:2      | Killed Jessica
  1086 | D:2      | Reached skill level 1 in Invocations
  1086 | D:2      | Reached XP level 3. HP: 20/31 MP: 7/7
  1454 | D:2      | Reached skill level 1 in Short Blades
  1454 | D:2      | Reached skill level 1 in Long Blades
  1454 | D:2      | Reached skill level 1 in Axes
  1454 | D:2      | Reached skill level 1 in Maces & Flails
  1454 | D:2      | Reached skill level 1 in Polearms
  1454 | D:2      | Reached skill level 1 in Staves
  1454 | D:2      | Reached skill level 1 in Slings
  1454 | D:2      | Reached skill level 1 in Bows
  1454 | D:2      | Reached skill level 1 in Crossbows
  1454 | D:2      | Reached skill level 1 in Throwing
  1454 | D:2      | Reached skill level 1 in Dodging
  1454 | D:2      | Reached skill level 1 in Unarmed Combat
  1454 | D:2      | Reached skill level 1 in Evocations
  1454 | D:2      | Reached XP level 4. HP: 23/38 MP: 8/8
  2232 | D:2      | Reached skill level 1 in Hexes
  2232 | D:2      | Reached skill level 1 in Charms
  2232 | D:2      | Reached skill level 1 in Summonings
  2232 | D:2      | Reached skill level 1 in Necromancy
  2232 | D:2      | Reached skill level 1 in Translocations
  2232 | D:2      | Reached skill level 1 in Transmutations
  2232 | D:2      | Reached skill level 1 in Fire Magic
  2232 | D:2      | Reached skill level 1 in Ice Magic
  2232 | D:2      | Reached skill level 1 in Air Magic
  2232 | D:2      | Reached skill level 1 in Earth Magic
  2232 | D:2      | Reached skill level 1 in Poison Magic
  2853 | D:3      | Reached XP level 5. HP: 43/43 MP: 9/9
  2992 | D:3      | Found a hazy altar of Hepliaklqana.
  3894 | D:4      | Reached XP level 6. HP: 44/50 MP: 10/10
  4227 | D:4      | Got a bloodstained cloak
  4233 | D:4      | Identified the +0 cloak of Qogirau {rPois Str-2 Stlth+}
                  | (You found it on level 4 of the Dungeon)
  4394 | D:4      | Reached skill level 5 in Fighting
  4875 | D:5      | Entered Level 5 of the Dungeon
  4888 | D:5      | Noticed a sky beast
  4896 | D:5      | Killed a sky beast
  4896 | D:5      | Reached XP level 7. HP: 56/56 MP: 12/12
  4966 | D:5      | Reached skill level 7 in Armour
  5714 | D:6      | Noticed Menkaure
  6085 | D:5      | Reached XP level 8. HP: 56/63 MP: 14/14
  6439 | D:6      | Found a bloodstained altar of Trog.
  7060 | D:6      | Found a sacrificial altar of Ru.
  7076 | D:6      | Noticed Pikel
  7107 | D:6      | Killed Pikel
  7314 | D:6      | Killed Menkaure
  7314 | D:6      | Reached XP level 9. HP: 32/69 MP: 14/16
  7408 | D:6      | Reached skill level 5 in Conjurations
  7703 | D:7      | Found a staircase to the Ecumenical Temple.
  7723 | Temple   | Entered the Ecumenical Temple
  8030 | D:7      | Reached skill level 5 in Spellcasting
  8150 | D:7      | Reached skill level 5 in Shields
  8644 | D:8      | Reached skill level 5 in Stealth
  8701 | D:8      | Reached skill level 8 in Armour
  8716 | D:8      | Reached skill level 5 in Invocations
  8834 | D:8      | Found a staircase to the Lair.
  9376 | D:8      | You fall into a shaft and drop 2 floors!
  9376 | D:10     | Entered Level 10 of the Dungeon
  9392 | D:10     | Reached XP level 10. HP: 56/77 MP: 18/18
  9521 | D:10     | Found a portal to a secret trove of treasure.
 10110 | D:8      | Found a runed translucent gate.
 10111 | D:8      | Found a runed translucent gate.
 10111 | D:8      | Noticed RighteousDevil's ghost (novice FoAK)
 10112 | D:8      | Found a runed translucent gate.
 10139 | D:8      | Reached skill level 5 in Short Blades
 10139 | D:8      | Reached skill level 5 in Long Blades
 10139 | D:8      | Reached skill level 5 in Axes
 10139 | D:8      | Reached skill level 5 in Maces & Flails
 10139 | D:8      | Reached skill level 5 in Polearms
 10139 | D:8      | Reached skill level 5 in Staves
 10139 | D:8      | Reached skill level 5 in Slings
 10139 | D:8      | Reached skill level 5 in Bows
 10139 | D:8      | Reached skill level 5 in Crossbows
 10139 | D:8      | Reached skill level 5 in Throwing
 10139 | D:8      | Reached skill level 5 in Dodging
 10139 | D:8      | Reached skill level 5 in Unarmed Combat
 10139 | D:8      | Reached skill level 5 in Evocations
 11214 | D:9      | Found a runed translucent gate.
 11461 | D:9      | Noticed a two-headed ogre
 11573 | D:9      | Noticed a two-headed ogre
 11583 | D:9      | Killed a two-headed ogre
 12008 | D:9      | Killed a two-headed ogre
 12022 | D:9      | Found a runed translucent gate.
 12022 | D:9      | Found a runed translucent gate.
 12026 | D:9      | Noticed a brown ugly thing
 12027 | D:9      | Noticed a white very ugly thing
 12027 | D:9      | Noticed a cyan ugly thing
 12029 | D:9      | Noticed a glowing orange brain
 12029 | D:9      | Noticed a green ugly thing
 12273 | D:9      | Reached XP level 11. HP: 84/84 MP: 20/20
 12314 | D:9      | Identified a +0 pair of boots of running (You found it on
                  | level 9 of the Dungeon)
 12544 | D:10     | Noticed Erolcha
 12576 | D:10     | Killed Erolcha
 12906 | D:10     | Noticed Harold
 12907 | D:10     | Noticed Harold
 12907 | D:10     | Harold changed into Harold the komodo dragon
 12921 | D:10     | Killed Harold the komodo dragon
 12921 | D:10     | Reached skill level 9 in Armour
 13185 | D:10     | Reached skill level 5 in Hexes
 13185 | D:10     | Reached skill level 5 in Charms
 13185 | D:10     | Reached skill level 5 in Summonings
 13185 | D:10     | Reached skill level 5 in Necromancy
 13185 | D:10     | Reached skill level 5 in Translocations
 13185 | D:10     | Reached skill level 5 in Transmutations
 13185 | D:10     | Reached skill level 5 in Fire Magic
 13185 | D:10     | Reached skill level 5 in Ice Magic
 13185 | D:10     | Reached skill level 5 in Air Magic
 13185 | D:10     | Reached skill level 5 in Earth Magic
 13185 | D:10     | Reached skill level 5 in Poison Magic
 13359 | D:10     | Found a staircase to the Orcish Mines.
 14392 | D:10     | Killed an unseen horror
 14760 | Lair:1   | Entered Level 1 of the Lair of Beasts
 17107 | Lair:2   | Got a dazzling ring mail
 17118 | Lair:2   | Identified the +4 ring mail of the Hanged Man {Dex+3} (You
                  | found it on level 2 of the Lair of Beasts)
 17160 | Lair:2   | Reached XP level 12. HP: 41/93 MP: 21/23
 18073 | Lair:2   | Learned a level 2 spell: Throw Flame
 18087 | Lair:3   | Found a runed translucent door.
 18087 | Lair:3   | Noticed DocEon's ghost (journeyman DrEE)
 18556 | Lair:3   | Noticed an eight-headed hydra
 20061 | Lair:3   | Noticed a seven-headed hydra
 21446 | Lair:4   | Found a shattered altar of Ashenzari.
 21452 | Lair:4   | Noticed a catoblepas
 21646 | Lair:4   | Reached skill level 10 in Armour
 21742 | Lair:4   | Found a staircase to the Snake Pit.
 21932 | Lair:4   | You fall into a shaft and drop 2 floors!
 21932 | Lair:6   | Entered Level 6 of the Lair of Beasts
 22276 | Lair:6   | Noticed a death yak
 22278 | Lair:6   | Noticed a death yak
 22684 | Lair:5   | Reached XP level 13. HP: 49/101 MP: 25/25
 23516 | Lair:5   | Found a staircase to the Slime Pits.
 25460 | Lair:4   | Identified a scroll of acquirement
 25462 | Lair:4   | Got a slimy crystal amulet
 25464 | Lair:4   | Identified the amulet of Yfaan {Harm *Drain rPois Int+5}
                  | (You acquired it on level 4 of the Lair of Beasts)
 27336 | Lair:5   | Slain by a death yak

Levels and vault maps discovered:
D:1:      eino_arrival_cavern_a, layout_basic, serial_forest,
          infiniplex_forest_corner_2, infiniplex_forest_clump_long,
          infiniplex_forest_straight_1, infiniplex_forest_lined_ring,
          infiniplex_forest_clump_small
D:2:      minmay_chambers_of_ones, layout_basic, overflow_temple_1_default,
          first_ration, uniq_jessica
D:3:      layout_basic, nicolae_overflow_crystal_walls
D:4:      layout_basic, supply_closet_lemuel
D:5:      minmay_polygon_palace, layout_rooms, eat_drink_and_be_merry_uskayaw,
          overflow_temple_1_default, elyvilon_altar_5
D:6:      layout_basic, kennysheep_mini, overflow_temple_1_default,
          uniq_menkaure, uniq_pikel
D:7:      layout_basic, minmay_temple_entry_butterflies
D:8:      layout_basic, erik_lair_orcish_takeover, ebering_ghost_rock_garden,
          hangedman_pestilent_swarm
D:9:      lemuel_ice_spiral_2, layout_basic,
          ploomutoo_gammafunk_ghost_potion_laboratory
D:10:     layout_basic, kennysheep_orc_monster_closet_entryway,
          nicolae_trove_entry_crystal, uniq_erolcha, uniq_harold
Temple:   regret_index_temple_generic_petals
Lair:1:   layout_gridlike, grunt_megastairs_1
Lair:2:   layout_regular_city, chequers_serial_rivers_large_b
Lair:3:   layout_chaotic_city, palyth_hydra_swamp_entry, gammafunk_ghost_grave,
          minmay_lair_oklob_items, grunt_megastairs_3
Lair:4:   lemuel_reptile_caves, layout_hall_layers,
          minmay_snake_entry_guardpost_medium, basic_altar,
          infiniplex_staircase_pool_2
Lair:5:   layout_gridlike, slime_dummy, gauntlet_entry_generic,
          cheibrodos_lair_reptile_den, lemuel_fruit_fields
Lair:6:   evil_forest, layout_gridlike, lemuel_oklob_altar

Skill      XL: |  1  2  3  4  5  6  7  8  9 10 11 12 13 |
---------------+----------------------------------------+-----
Invocations    | 1 2 3 4 5 6 7 8 9 |  9.0
Short Blades   | 1 2 3 4 5 6 7 8 |  8.2
Long Blades    | 1 2 3 4 5 6 7 8 |  8.2
Axes           | 1 2 3 4 5 6 7 8 |  8.2
Maces & Flails | 1 2 3 4 5 6 7 8 |  8.2
Polearms       | 1 2 3 4 5 6 7 8 |  8.2
Staves         | 1 2 3 4 5 6 7 8 |  8.2
Slings         | 1 2 3 4 5 6 7 8 |  8.2
Bows           | 1 2 3 4 5 6 7 8 |  8.2
Crossbows      | 1 2 3 4 5 6 7 8 |  8.2
Throwing       | 1 2 3 4 5 6 7 8 |  8.2
Dodging        | 1 2 3 4 5 6 7 8 |  8.2
Unarmed Combat | 1 2 3 4 5 6 7 8 |  8.2
Evocations     | 1 2 3 4 5 6 7 8 |  8.2
Spellcasting   | 3 4 5 6 7 8 |  8.7
Hexes          | 1 2 3 4 5 6 |  6.8
Charms         | 1 2 3 4 5 6 |  6.8
Summonings     | 1 2 3 4 5 6 |  6.8
Necromancy     | 1 2 3 4 5 6 |  6.8
Translocations | 1 2 3 4 5 6 |  6.8
Transmutations | 1 2 3 4 5 6 |  6.8
Fire Magic     | 1 2 3 4 5 6 |  6.8
Ice Magic      | 1 2 3 4 5 6 |  6.8
Air Magic      | 1 2 3 4 5 6 |  6.8
Earth Magic    | 1 2 3 4 5 6 |  6.8
Poison Magic   | 1 2 3 4 5 6 |  6.8
Shields        | 3 4 5 6 7 8 |  8.7
Conjurations   | 4 5 6 7 |  7.9
Stealth        | 3 4 5 6 7 8 |  8.6
Fighting       | 5 6 7 8 9 |  9.4
Armour         | 7 8 9 10 | 10.4

Action                   |  1- 3 |  4- 6 |  7- 9 | 10-12 | 13-15 || total
-------------------------+-------+-------+-------+-------+-------++-------
Melee: Dagger            |    69 |   277 |   433 |  1141 |   254 ||  2174
       Bite              |     6 |    35 |    68 |   220 |    80 ||   409
       Punch             |       |     3 |       |       |       ||     3
       Whip              |       |       |    64 |       |       ||    64
       War axe           |       |       |    29 |    36 |    65 ||   130
       Short sword       |       |       |       |   284 |   277 ||   561
       Spear             |       |       |       |    96 |    66 ||   162
Throw: Boomerang         |       |       |       |    11 |    10 ||    21
 Cast: Throw Flame       |       |       |       |       |     3 ||     3
Evoke: Wand              |       |       |     5 |    21 |     5 ||    31
  Use: Scroll            |       |     7 |     6 |    11 |     5 ||    29
       Potion            |       |       |     2 |     3 |     1 ||     6
 Stab: Sleeping          |     3 |     8 |    10 |    28 |     9 ||    58
       Distracted        |       |       |     1 |     1 |     1 ||     3
  Eat: Chunk             |       |    12 |    14 |    52 |     9 ||    87
       Ration            |       |       |     3 |       |       ||     3
Armor: Robe              |    12 |       |       |       |       ||    12
       Leather armour    |     2 |    38 |       |       |       ||    40
       Ring mail         |       |    65 |   183 |   434 |   151 ||   833
Dodge: Dodged            |    39 |   124 |   218 |   496 |   220 ||  1097
Block: Buckler           |       |     2 |    58 |       |       ||    60
       Shield            |       |       |    96 |   626 |   230 ||   952
